General information
			
			
        
        - name: BNet
 
        - type: Ladder team game (AT/RT)
 
        - host: Battle.net
 
        - saver: Ze.Rath3isaFaig
 
        
map: GolemsInTheMist 
        - players: 8
 
        - length: 25:38
 
        - speed: Fast
 - version: 1.22 W3XP
 - replay type:  Public
 
» download(214 KB)
Players
        team 1 (winner) 
              
              
DamThatRiver (
teal | 54 APM | 1380 actions | 25:38)
              
 7 Blademaster 
 3 Wind Walk
 3 Critical Strike
 1 Bladestorm
 
                » actions 
                
                | Assign group hotkey | 48 |  | 
| Basic commands | 2 |  | 
| Build / train | 76 |  | 
| Enter build submenu | 17 |  | 
| Enter hero's abilities submenu | 7 |  | 
| Give item / drop item | 1 |  | 
| Right click | 836 |  | 
| Select / deselect | 183 |  | 
| Select group hotkey | 108 |  | 
| Use ability | 102 |  | 
                1380 total
 » units 
                » buildings
                
                | Altar of Storms | 2 |  | 
| Orc Burrow | 7 |  | 
| Stronghold | 3 |  | 
| Voodoo Lounge | 1 |  | 
| War Mill | 2 |  | 
| Beastiary | 3 |  | 
                18 total
 » build order
                00:04 Altar of Storms
00:06 Orc Burrow
00:09 Altar of Storms
07:38 Stronghold
07:39 Stronghold
07:39 Stronghold
07:52 Voodoo Lounge
07:59 Orc Burrow
08:16 Orc Burrow
08:44 Orc Burrow
09:00 War Mill
09:11 War Mill
10:01 Beastiary
10:03 Beastiary
12:02 Beastiary
17:00 Orc Burrow
17:02 Orc Burrow
17:12 Orc Burrow
» items
                
                | Lesser Clarity Potion | 2 |  | 
| Scroll of Speed | 1 |  | 
| Healing Salve | 1 |  | 
                4 total
  
               
              
              
DASOCKBANDIT (
red | 158 APM | 4055 actions | 25:38)
              
 8 Tauren Chieftain 
 3 Endurance Aura
 3 War Stomp
 1 Reincarnation
 1 Shockwave
 
                » actions 
                
                | Assign group hotkey | 89 |  | 
| Basic commands | 7 |  | 
| Build / train | 68 |  | 
| Enter build submenu | 23 |  | 
| Enter hero's abilities submenu | 8 |  | 
| Right click | 1721 |  | 
| Select / deselect | 666 |  | 
| Select group hotkey | 1395 |  | 
| Use ability | 78 |  | 
                4055 total
 » units 
                
                | Peon | 2 |  | 
| Wind Rider | 6 |  | 
| Shaman | 13 |  | 
| Tauren | 7 |  | 
| Raider | 1 |  | 
                29 total
 » upgrades
                
                | Ranged Weapons | 3 |  | 
| Shaman Training | 2 |  | 
| Envenomed Spears | 1 |  | 
| Reinforced Defenses | 1 |  | 
| Pulverize | 1 |  | 
| Armor | 3 |  | 
| Melee Weapons | 3 |  | 
| Ensnare | 1 |  | 
| Pillage | 1 |  | 
| Spiked Barricades | 1 |  | 
                17 total
 » buildings
                
                | Altar of Storms | 1 |  | 
| Stronghold | 1 |  | 
| Orc Burrow | 10 |  | 
| Voodoo Lounge | 1 |  | 
| War Mill | 1 |  | 
| Beastiary | 5 |  | 
| Fortress | 2 |  | 
| Spirit Lodge | 1 |  | 
| Tauren Totem | 2 |  | 
                24 total
 » build order
                00:05 Altar of Storms
00:21 Stronghold
00:23 Orc Burrow
00:25 Orc Burrow
00:29 Orc Burrow
00:31 Voodoo Lounge
01:13 Orc Burrow
01:18 War Mill
01:29 Orc Burrow
02:42 Beastiary
02:43 Beastiary
02:45 Beastiary
02:47 Beastiary
02:49 Beastiary
02:59 Fortress
03:31 Spirit Lodge
04:02 Orc Burrow
04:04 Orc Burrow
04:06 Orc Burrow
05:04 Orc Burrow
05:43 Tauren Totem
05:44 Tauren Totem
16:18 Orc Burrow
» items
                
                | Potion of Mana | 2 |  | 
| Potion of Healing | 1 |  | 
| Healing Salve | 4 |  | 
| Scroll of Town Portal | 1 |  | 
| Orb of Lightning | 1 |  | 
                9 total
  
               
              
              
SMERB.COM.COM (
pink | 48 APM | 1241 actions | 25:38)
              
 5 Demon Hunter 
 3 Mana Burn
 2 Evasion
 
                » actions 
                
                | Assign group hotkey | 1 |  | 
| Basic commands | 27 |  | 
| Build / train | 46 |  | 
| Enter build submenu | 4 |  | 
| Enter hero's abilities submenu | 5 |  | 
| Right click | 979 |  | 
| Select / deselect | 113 |  | 
| Select group hotkey | 16 |  | 
| Use ability | 50 |  | 
                1241 total
 » units 
                » buildings
                
                | Moon Well | 1 |  | 
| Altar of Elders | 1 |  | 
| Tree of Life | 1 |  | 
                3 total
 » build order
                00:06 Moon Well
00:10 Altar of Elders
13:43 Tree of Life
» items
                
                | Healing Salve | 1 |  | 
| Lesser Clarity Potion | 1 |  | 
| Potion of Healing | 1 |  | 
| Scroll of Town Portal | 1 |  | 
                4 total
  
               
              
              
Ze.Rath3isaFaig (
green | 70 APM | 1808 actions | 25:38)
              
 6 Priestess of the Moon 
 3 Trueshot Aura
 2 Searing Arrows
 1 Starfall
 
                » actions 
                
                | Assign group hotkey | 13 |  | 
| Basic commands | 622 |  | 
| Build / train | 55 |  | 
| Enter build submenu | 17 |  | 
| Enter hero's abilities submenu | 6 |  | 
| Right click | 533 |  | 
| Select / deselect | 387 |  | 
| Select group hotkey | 147 |  | 
| Use ability | 28 |  | 
                1808 total
 » units 
                » upgrades
                
                | Strength of the Moon | 1 |  | 
| Moon Armor | 1 |  | 
| Abolish Magic | 1 |  | 
                3 total
 » buildings
                
                | Altar of Elders | 1 |  | 
| Moon Well | 6 |  | 
| Ancient of War | 2 |  | 
| Tree of Ages | 2 |  | 
| Hunter's Hall | 1 |  | 
| Ancient of Wonders | 1 |  | 
| Ancient of Lore | 2 |  | 
                15 total
 » build order
                00:51 Altar of Elders
01:13 Moon Well
06:47 Ancient of War
06:50 Ancient of War
07:43 Moon Well
10:17 Moon Well
11:56 Moon Well
13:36 Tree of Ages
13:36 Tree of Ages
13:38 Hunter's Hall
15:43 Ancient of Wonders
15:58 Ancient of Lore
16:01 Ancient of Lore
16:18 Moon Well
16:21 Moon Well
 
               team 2 (loser) 
              
              
Benrus (
purple | 39 APM | 855 actions | 21:44)
              
 4 Priestess of the Moon 
 2 Trueshot Aura
 2 Searing Arrows
 
                » actions 
                
                | Assign group hotkey | 24 |  | 
| Basic commands | 87 |  | 
| Build / train | 47 |  | 
| Enter build submenu | 19 |  | 
| Enter hero's abilities submenu | 4 |  | 
| Right click | 318 |  | 
| Select / deselect | 207 |  | 
| Select group hotkey | 113 |  | 
| Use ability | 36 |  | 
                855 total
 » units 
                
                | Wisp | 13 |  | 
| Huntress | 5 |  | 
| Archer | 3 |  | 
| Hippogryph | 7 |  | 
| Mountain Giant | 3 |  | 
                31 total
 » upgrades
                
                | Improved Bows | 1 |  | 
| Strength of the Wild | 2 |  | 
| Strength of the Moon | 2 |  | 
| Hippogryph Taming | 1 |  | 
| Moon Armor | 1 |  | 
| Hardened Skin | 1 |  | 
                8 total
 » buildings
                
                | Altar of Elders | 1 |  | 
| Moon Well | 6 |  | 
| Hunter's Hall | 1 |  | 
| Ancient of War | 2 |  | 
| Tree of Ages | 1 |  | 
| Ancient of Wind | 2 |  | 
| Tree of Eternity | 1 |  | 
| Ancient of Lore | 2 |  | 
| Ancient of Wonders | 1 |  | 
                17 total
 » build order
                00:10 Altar of Elders
00:16 Moon Well
01:30 Hunter's Hall
01:48 Ancient of War
02:03 Moon Well
02:24 Ancient of War
02:42 Moon Well
03:59 Tree of Ages
05:16 Moon Well
07:30 Ancient of Wind
07:37 Ancient of Wind
08:04 Moon Well
10:00 Moon Well
11:55 Tree of Eternity
13:55 Ancient of Lore
14:02 Ancient of Lore
14:21 Ancient of Wonders
 
               
              
              
ErPf2004 (
yellow | 111 APM | 2439 actions | 22:01)
              
 3 Death Knight 
 1 Death Coil
 2 Unholy Aura
 4 Lich 
 1 Frost Nova
 3 Dark Ritual
 
                » actions 
                
                | Assign group hotkey | 34 |  | 
| Basic commands | 285 |  | 
| Build / train | 106 |  | 
| Enter build submenu | 12 |  | 
| Enter hero's abilities submenu | 7 |  | 
| Give item / drop item | 6 |  | 
| Right click | 579 |  | 
| Select / deselect | 772 |  | 
| Select group hotkey | 534 |  | 
| Use ability | 104 |  | 
                2439 total
 » units 
                
                | Acolyte | 7 |  | 
| Ghoul | 3 |  | 
| Crypt Fiend | 21 |  | 
| Obsidian Statue | 12 |  | 
                43 total
 » upgrades
                
                | Creature Carapace | 1 |  | 
| Web | 1 |  | 
| Destroyer Form | 1 |  | 
                3 total
 » buildings
                
                | Graveyard | 1 |  | 
| Crypt | 1 |  | 
| Ziggurat | 5 |  | 
| Altar of Darkness | 1 |  | 
| Tomb of Relics | 1 |  | 
| Nerubian Tower | 5 |  | 
| Halls of the Dead | 3 |  | 
| Spirit Tower | 18 |  | 
| Slaughterhouse | 1 |  | 
| Black Citadel | 1 |  | 
                37 total
 » build order
                00:12 Graveyard
00:15 Crypt
00:45 Ziggurat
01:00 Altar of Darkness
01:51 Ziggurat
02:06 Tomb of Relics
02:13 Nerubian Tower
02:14 Nerubian Tower
02:14 Nerubian Tower
02:14 Nerubian Tower
03:56 Ziggurat
05:14 Halls of the Dead
05:14 Halls of the Dead
05:15 Halls of the Dead
05:33 Spirit Tower
05:33 Spirit Tower
05:33 Spirit Tower
05:34 Spirit Tower
06:28 Ziggurat
08:37 Spirit Tower
08:48 Spirit Tower
08:49 Spirit Tower
08:49 Spirit Tower
08:49 Spirit Tower
09:20 Slaughterhouse
10:21 Ziggurat
12:31 Black Citadel
16:53 Spirit Tower
16:53 Spirit Tower
16:53 Spirit Tower
21:13 Spirit Tower
21:13 Spirit Tower
» items
                
                | Rod of Necromancy | 2 |  | 
| Dust of Appearance | 3 |  | 
| Sacrificial Skull | 1 |  | 
| Scroll of Town Portal | 7 |  | 
| Potion of Healing | 1 |  | 
| Orb of Corruption | 1 |  | 
| Potion of Mana | 1 |  | 
                16 total
  
               
              
              
Hit_X-TaSy (
blue | 48 APM | 1233 actions | 25:38)
              
 3 Priestess of the Moon 
 1 Trueshot Aura
 1 Searing Arrows
 1 Scout
 
                » actions 
                
                | Assign group hotkey | 32 |  | 
| Basic commands | 176 |  | 
| Build / train | 53 |  | 
| Enter build submenu | 17 |  | 
| Enter hero's abilities submenu | 3 |  | 
| Right click | 369 |  | 
| Select / deselect | 275 |  | 
| Select group hotkey | 270 |  | 
| Use ability | 38 |  | 
                1233 total
 » units 
                
                | Wisp | 19 |  | 
| Archer | 9 |  | 
| Hippogryph | 9 |  | 
| Druid of the Talon | 3 |  | 
                40 total
 » upgrades
                
                | Strength of the Moon | 1 |  | 
| Moon Armor | 1 |  | 
| Improved Bows | 1 |  | 
| Hippogryph Taming | 1 |  | 
| Druid of the Talon Training | 1 |  | 
                5 total
 » buildings
                
                | Altar of Elders | 1 |  | 
| Moon Well | 4 |  | 
| Ancient of War | 2 |  | 
| Hunter's Hall | 1 |  | 
| Tree of Ages | 2 |  | 
| Ancient of Wind | 4 |  | 
| Ancient of Wonders | 1 |  | 
| Tree of Life | 1 |  | 
                16 total
 » build order
                00:09 Altar of Elders
00:12 Moon Well
00:47 Ancient of War
01:34 Moon Well
02:48 Hunter's Hall
02:55 Ancient of War
03:55 Tree of Ages
04:03 Moon Well
06:34 Ancient of Wind
06:34 Ancient of Wind
06:55 Ancient of Wind
07:24 Ancient of Wonders
08:10 Moon Well
08:57 Ancient of Wind
12:57 Tree of Life
» items
                 
               
              
              
HoneyBlunt (
orange | 79 APM | 1718 actions | 21:39)
              
 4 Tauren Chieftain 
 2 War Stomp
 2 Endurance Aura
 4 Shadow Hunter 
 2 Hex
 2 Healing Wave
 
                » actions 
                
                | Assign group hotkey | 14 |  | 
| Basic commands | 58 |  | 
| Build / train | 61 |  | 
| ESC pressed | 1 |  | 
| Enter build submenu | 30 |  | 
| Enter hero's abilities submenu | 8 |  | 
| Right click | 908 |  | 
| Select / deselect | 313 |  | 
| Select group hotkey | 237 |  | 
| Use ability | 88 |  | 
                1718 total
 » units 
                
                | Peon | 11 |  | 
| Grunt | 8 |  | 
| Troll Batrider | 7 |  | 
| Tauren | 3 |  | 
                29 total
 » upgrades
                
                | Armor | 2 |  | 
| Melee Weapons | 2 |  | 
| Reinforced Defenses | 1 |  | 
| Witch Doctor Training | 2 |  | 
| Spiked Barricades | 1 |  | 
                8 total
 » buildings
                
                | Altar of Storms | 1 |  | 
| Orc Burrow | 9 |  | 
| Barracks | 1 |  | 
| War Mill | 1 |  | 
| Voodoo Lounge | 1 |  | 
| Watch Tower | 11 |  | 
| Stronghold | 1 |  | 
| Fortress | 1 |  | 
| Beastiary | 2 |  | 
| Tauren Totem | 1 |  | 
| Spirit Lodge | 1 |  | 
                30 total
 » build order
                00:25 Altar of Storms
00:36 Orc Burrow
00:52 Barracks
01:08 War Mill
01:42 Orc Burrow
02:10 Voodoo Lounge
03:33 Watch Tower
03:44 Stronghold
03:58 Orc Burrow
04:23 Watch Tower
05:37 Watch Tower
08:00 Fortress
08:19 Watch Tower
08:22 Watch Tower
08:25 Watch Tower
08:31 Watch Tower
08:56 Orc Burrow
09:26 Watch Tower
09:30 Watch Tower
10:30 Orc Burrow
10:45 Watch Tower
11:52 Beastiary
12:10 Orc Burrow
13:44 Beastiary
13:57 Watch Tower
14:10 Tauren Totem
14:21 Orc Burrow
17:03 Spirit Lodge
17:18 Orc Burrow
17:22 Orc Burrow
» items
                
                | Scroll of Speed | 1 |  | 
| Healing Salve | 2 |  | 
| Lesser Clarity Potion | 2 |  | 
| Scroll of Town Portal | 2 |  | 
| Orb of Lightning | 1 |  | 
| Potion of Healing | 2 |  | 
| Dust of Appearance | 1 |  | 
                11 total
  
                Chat log
          (00:04 / Allies) Ze.Rath3isaFaig: IM
(00:06 / Allies) Ze.Rath3isaFaig: POSTING
(00:08 / Allies) Ze.Rath3isaFaig: THI SREPALY
(00:10 / Allies) Ze.Rath3isaFaig: TONIGHT!
(00:14 / Allies) DASOCKBANDIT: feed
(00:16 / Allies) SMERB.COM.COM: lawl
(00:19 / All) HoneyBlunt: gl hf
(00:23 / Allies) Ze.Rath3isaFaig: going to make
(00:24 / Allies) Ze.Rath3isaFaig: so much
(00:25 / All) SMERB.COM.COM: suck my dick nigger
(00:27 / Allies) Ze.Rath3isaFaig: fucking fuck of this kid
(00:29 / All) HoneyBlunt: woah
(00:34 / All) SMERB.COM.COM: Ja Rule apologizes for punching man
(00:35 / All) SMERB.COM.COM: Ja Rule apologizes for punching man
(00:36 / All) SMERB.COM.COM: Ja Rule apologizes for punching man
(00:37 / All) SMERB.COM.COM: Ja Rule apologizes for punching man
(00:37 / All) SMERB.COM.COM: Ja Rule apologizes for punching man
(00:38 / All) SMERB.COM.COM: Ja Rule apologizes for punching man
(00:38 / All) DamThatRiver: u mad?
(00:40 / Allies) Ze.Rath3isaFaig: relax
(00:41 / All) ErPf2004:  
(00:43 / Allies) Ze.Rath3isaFaig: just play
(00:44 / Allies) Ze.Rath3isaFaig: go ddamn
(00:47 / Allies) Ze.Rath3isaFaig: going ot lag us out lol
(00:51 / All) DASOCKBANDIT: have some fun while you're out there xD
(01:08 / All) DamThatRiver: honeyblunt
(01:11 / All) DamThatRiver: scale 1 - 10
(01:12 / All) Benrus: and the hero?
(01:16 / All) DamThatRiver: how mad does the word nigger
(01:18 / All) DamThatRiver: make you
(01:19 / All) DamThatRiver: ?
(01:23 / All) HoneyBlunt: $
(01:23 / All) Ze.Rath3isaFaig: he is a nigger lol
(01:28 / All) SMERB.COM.COM: yap
(01:30 / All) Ze.Rath3isaFaig: sorry nigga
(01:34 / All) Ze.Rath3isaFaig: I don't like the word nigger
(01:38 / All) HoneyBlunt: nigga whaaa
(02:01 / Allies) Ze.Rath3isaFaig: is that
(02:02 / Allies) Ze.Rath3isaFaig: feed?
(02:03 / Allies) Ze.Rath3isaFaig: ueah
(02:09 / All) DamThatRiver: "im going to report you for using racist langauge" - honeyblunt
(02:16 / All) HoneyBlunt: ok - HB
(02:19 / All) ErPf2004: :s
(02:38 / Allies) SMERB.COM.COM: woodhgim
(02:38 / All) DamThatRiver: "nigga whaaa" - orange in all chat
(02:39 / Allies) SMERB.COM.COM: wood him
(02:46 / All) HoneyBlunt: dooo it
(03:13 / Allies) Ze.Rath3isaFaig: no one has teched yet lol
(03:23 / Allies) Ze.Rath3isaFaig: got it
(03:26 / All) DamThatRiver: honeyblunt you wanna throwdown ill kick your ass irl
(03:32 / All) SMERB.COM.COM: thats what im doing.
(03:51 / Allies) DASOCKBANDIT: wood
(03:53 / All) DamThatRiver: curb stomp you
(03:58 / All) DamThatRiver: itd be a real
(04:00 / All) DamThatRiver: beatdown
(04:08 / Allies) Ze.Rath3isaFaig: wo sisp now
(04:19 / Allies) DASOCKBANDIT: f33d
(04:40 / All) DamThatRiver: u scared?
(04:55 / All) DamThatRiver: u scared.
(04:58 / Allies) Ze.Rath3isaFaig: k lets og
(05:00 / Allies) Ze.Rath3isaFaig: comoing
(05:07 / Allies) Ze.Rath3isaFaig: they busy up here
(05:10 / Allies) Ze.Rath3isaFaig: lol honey has no idea
(05:12 / Allies) Ze.Rath3isaFaig: wtf is about to happen
(05:43 / Allies) Ze.Rath3isaFaig: k coming
(05:48 / Allies) Ze.Rath3isaFaig: acos I guess
(05:52 / Allies) Ze.Rath3isaFaig: go acos
(05:56 / Allies) Ze.Rath3isaFaig: lk
(05:59 / All) DamThatRiver: one of more of your wisps isnt earning its keep
(06:14 / All) ErPf2004: ??
(06:25 / Allies) Ze.Rath3isaFaig: ?
(06:30 / Allies) Ze.Rath3isaFaig: kill that shit
(06:52 / All) DamThatRiver: wow blue
(06:54 / All) DamThatRiver: roflmao
(07:01 / Allies) Ze.Rath3isaFaig: me either
(07:03 / Allies) Ze.Rath3isaFaig: shit is about to go down
(07:04 / All) HoneyBlunt: fatal
(07:27 / Allies) Ze.Rath3isaFaig: get some lust
(07:28 / Allies) DamThatRiver: now
(07:28 / Allies) Ze.Rath3isaFaig: game over
(08:00 / Allies) Ze.Rath3isaFaig: pump that fucken tauren and lust
(08:02 / Allies) Ze.Rath3isaFaig: and over
(08:12 / Allies) Ze.Rath3isaFaig: yeah I know
(08:24 / All) DamThatRiver: so honeynigger
(08:29 / All) DamThatRiver: u scared to get ur assbeat?
(08:34 / Allies) Ze.Rath3isaFaig: teal realx
(08:36 / Allies) Ze.Rath3isaFaig: no more shit talking
(08:36 / All) HoneyBlunt: no
(08:37 / All) DamThatRiver: faggoty ass fuckin queer aintcha
(08:37 / Allies) SMERB.COM.COM: its not going so well sport
(08:38 / Allies) SMERB.COM.COM: lol
(08:42 / All) HoneyBlunt: nope
(08:46 / Allies) DamThatRiver: :d
(08:50 / Allies) DamThatRiver: i just like
(08:53 / Allies) DamThatRiver: annoying honeyblunt
(08:57 / Allies) DamThatRiver: srt
(09:06 / All) DamThatRiver: sry my team wants me to stop
(09:14 / Allies) SMERB.COM.COM: no lol
(09:34 / Allies) DamThatRiver: ty
(09:39 / Allies) DASOCKBANDIT: meet
(09:46 / Allies) Ze.Rath3isaFaig: healing and ocming
(09:47 / Allies) Ze.Rath3isaFaig: wher eot?
(09:53 / Allies) Ze.Rath3isaFaig: k wia tup
(10:27 / Allies) Ze.Rath3isaFaig: lust htis hist up
(10:37 / Allies) Ze.Rath3isaFaig: almost htere
(11:02 / All) ErPf2004: wowww
(11:04 / Allies) Ze.Rath3isaFaig: hone yblu ntow
(11:15 / All) Ze.Rath3isaFaig: why are you dusting?
(11:42 / Allies) Ze.Rath3isaFaig: he's fine
(12:05 / Allies) Ze.Rath3isaFaig: lets go back in s econd
(12:09 / Allies) Ze.Rath3isaFaig: got mass archers ocming
(12:43 / Allies) DASOCKBANDIT: meet
(12:57 / Allies) Ze.Rath3isaFaig: gogog
(13:51 / Allies) Ze.Rath3isaFaig: gj on the bats
(14:33 / Allies) Ze.Rath3isaFaig: potm
(14:47 / Allies) Ze.Rath3isaFaig: teal stay here
(15:02 / Allies) Ze.Rath3isaFaig: rofl
(16:12 / Allies) Ze.Rath3isaFaig: masing dryas now
(16:29 / Allies) Ze.Rath3isaFaig: worth posting?
(16:35 / Allies) SMERB.COM.COM: sure
(16:38 / Allies) Ze.Rath3isaFaig: actually our last replay
(16:38 / Allies) DASOCKBANDIT: itll get him mad
(16:40 / Allies) SMERB.COM.COM: i hate the nigga
(16:41 / Allies) Ze.Rath3isaFaig: wasn't worth posting
(16:44 / Allies) Ze.Rath3isaFaig: so yeah we post this hsit
(16:51 / Allies) Ze.Rath3isaFaig: no talking
(16:52 / Allies) Ze.Rath3isaFaig: shit
(16:55 / Allies) Ze.Rath3isaFaig: until we know it's good
(17:29 / Allies) Ze.Rath3isaFaig: rofl wtf is this
(17:31 / All) Ze.Rath3isaFaig: nice city purple
(18:10 / Allies) Ze.Rath3isaFaig: wtf our lust go
(18:16 / Allies) Ze.Rath3isaFaig: he's level 6
(18:17 / Allies) Ze.Rath3isaFaig: np
(18:57 / All) Ze.Rath3isaFaig: watch honeyblunt report this when we post it on the forum
(19:00 / Allies) SMERB.COM.COM: ;p
(19:04 / All) HoneyBlunt: i wonr
(19:05 / All) ErPf2004: gg
(19:10 / All) SMERB.COM.COM: lawl
(19:10 / All) HoneyBlunt: it would be on topic
(19:14 / All) Ze.Rath3isaFaig: wouldn't it be
(19:35 / Allies) Ze.Rath3isaFaig: atlar
(19:37 / Allies) Ze.Rath3isaFaig: then back out
(19:44 / Allies) Ze.Rath3isaFaig: i'm gettin git now
(19:48 / Allies) Ze.Rath3isaFaig: bat that 
(19:53 / All) HoneyBlunt: gg fellas
(20:02 / All) Ze.Rath3isaFaig: gg, wp
(20:13 / All) ErPf2004: gg 43
(20:20 / All) Ze.Rath3isaFaig: it's 42 lol, but thanks
(20:29 / Allies) Ze.Rath3isaFaig: he keeps calling me 43
(20:36 / All) DamThatRiver: yeah you suck yellow sry your deadweightt
(20:45 / All) HoneyBlunt: nah he is pretty good
(20:49 / All) Ze.Rath3isaFaig: yeah he is
(20:52 / All) Ze.Rath3isaFaig: i've played with him before
(21:24 / All) HoneyBlunt: anyways, search again?
(21:26 / Allies) Ze.Rath3isaFaig: lol
(21:46 / All) Ze.Rath3isaFaig: your leader
(21:48 / All) Ze.Rath3isaFaig: has left the game
(21:53 / All) ErPf2004: ;(
(21:58 / All) Ze.Rath3isaFaig: we wouldn't
(21:59 / All) ErPf2004: gg pros
(22:00 / All) Ze.Rath3isaFaig: be so brutal
(22:03 / All) SMERB.COM.COM: shh
(22:05 / All) Ze.Rath3isaFaig: if he wasn't such a dick
(23:19 / Allies) Ze.Rath3isaFaig: starfall looks so cool
(23:23 / Allies) DamThatRiver: lol
(23:27 / Allies) SMERB.COM.COM: indeed
(23:31 / Allies) DamThatRiver: shoulda saved it for towers
(23:33 / Allies) DamThatRiver: silly
(23:53 / Allies) Ze.Rath3isaFaig: lol yeah
(24:03 / Allies) DamThatRiver: umemployment line
(24:06 / Allies) DamThatRiver: "/
(24:48 / Allies) Ze.Rath3isaFaig: yeah then he posts that stupid replay
(25:06 / Allies) Ze.Rath3isaFaig: rofl yeah
(25:12 / Allies) Ze.Rath3isaFaig: should title it
(25:19 / Allies) Ze.Rath3isaFaig: beating honeyblunt with a feed strat